 Dungeon Sprint DCSS version 0.29-a0-512-gf59ac788ac (webtiles) character file.

Game seed: 8978602843065992808

9 mhtbhm the Insei (level 2, -4/21 HPs)
             Began as a Merfolk Transmuter on May 30, 2022.
             Killed from afar by an oklob sapling (25 damage)
             ... with a splash of acid
             ... in the Dungeon (Sprint IV: "Fedhas' Mad Dash").
             The game lasted 00:00:34 (353 turns).

mhtbhm the Insei (Merfolk Transmuter)                Turns: 353, Time: 00:00:36

Health: -4/21      AC:  2    Str: 10    XL:     2   Next: 16%
Magic:  2/5        EV: 13    Int: 12    God:
Gold:   6          SH:  0    Dex: 14    Spells: 2/5 levels left

rFire   . . .      SeeInvis .     - Unarmed
rCold   . . .      Faith    .   (no shield)
rNeg    . . .      Spirit   .   a - +0 robe
rPois   .          Reflect  .   (helmet currently unavailable)
rElec   .          Harm     .   (no cloak)
rCorr   .          Rampage  .   (no gloves)
Will    .....      NoTele   +   (boots currently unavailable)
Stlth   +.........              (no amulet)
HPRegen 0.07/turn               (no ring)
MPRegen 0.09/turn               (no ring)

@: appendages, wereblooded
A: horns 2, (nimble swimmer 2), mertail
a: End Transformation


You were in the Dungeon.
You had temporarily grown beastly horns.
You visited 1 branch You collected 6 gold pieces.

Inventory:

Armour
 a - a +0 robe (worn)
Scrolls
 h - a scroll of blinking
Potions
 b - a potion of lignification
 c - a potion of curing
 e - a potion of haste
 f - 2 potions of magic
 g - a potion of berserk rage


   Skills:
 + Level 1.1 Fighting
 + Level 4.1 Dodging
 + Level 4.4 Unarmed Combat
 + Level 2.3 Spellcasting
 + Level 3.2 Transmutations


You had 2 spell levels left.
You knew the following spells:

 Your Spells              Type           Power      Damage    Failure   Level
a - Beastly Appendage     Tmut           18%        N/A       7%          1
b - Wereblood             Tmut           9%         N/A       11%         2

Your spell library contained the following spells:

 Spells                   Type           Power      Damage    Failure   Level
 Spider Form              Tmut/Pois      5%         N/A       38%         3
 Ice Form                 Ice/Tmut       5%         N/A       80%         4


Dungeon Overview and Level Annotations

Branches:
Dungeon (1/1)

Altars:

Annotations:
D exclusion: oklob sapling


Innate Abilities, Weirdness & Mutations

You have temporarily grown beastly horns.
((You are very nimble when in or above water. (Stealth+, EV+, Speed+++)))
Your lower body shifts to a powerful aquatic tail in water.


Message History

Your Dodging skill increases to level 3!
Your Unarmed Combat skill increases to level 4!
Your Transmutations skill increases to level 3!
You have reached level 2!
You barely miss the rat. The rat bites you but does no damage.
You punch the rat!
You kill the rat!
Your Dodging skill increases to level 4!
You see here a rat corpse.
You now have 6 gold pieces.
You start resting.
You start resting.
HP restored.
You start waiting.
Done waiting.
Memorise Wereblood, consuming 2 spell levels and leaving 2?
You start memorising the spell.
You continue memorising. x2
You finish memorising.
Spell assigned to 'b'.
Casting: Beastly Appendage (safe; 7% risk of failure)
Confirm with . or Enter, or press ? or * to list all spells.
Your blood is infused with primal strength.
Casting: Wereblood (safe; 11% risk of failure)
Confirm with . or Enter, or press ? or * to list all spells.
You grow a pair of large bovine horns.
Unknown command.
You open the door.
Found 24 gold pieces.
Unknown command.
An oklob sapling comes into view.
Found 6 gold pieces.
Marking area around an oklob sapling as unsafe for travelling.
There is an open door here.
The helpless oklob sapling fails to defend itself.
You hit the oklob sapling but do no damage.
You headbutt the oklob sapling.
The oklob sapling is lightly damaged.
The oklob sapling spits acid at you. The splash of acid hits you!!
Ouch! That really hurt!
You die...

##################
#<..÷#.....#.$$$$#
#PP..'÷....@.#
#PPPP#.....#P#
##############


You could see an oklob sapling.

Vanquished Creatures
  A river rat (D)
  A rat (D)
2 creatures vanquished.

Vanquished Creatures (others)
  A fungus (D)
1 creature vanquished.

Grand Total: 3 creatures vanquished

Notes
Turn   | Place    | Note
-------+----------+-------------------------------------------
     0 | D        | mhtbhm the Merfolk Transmuter began the quest for the Orb.
     0 | D        | Reached XP level 1. HP: 15/15 MP: 3/3
    24 | D        | Reached XP level 2. HP: 5/21 MP: 5/5
   348 | D        | Learned a level 2 spell: Wereblood
   352 | D        | Noticed an oklob sapling
   353 | D        | Killed from afar by an oklob sapling

Illustrated notes

Levels and vault maps discovered:
D:        dungeon_sprint_fedhas [sprint_temple]

Skill      XL: |  1  2 |
---------------+-------+-----
Dodging        | 3 4 |  4.1
Unarmed Combat | 4 |  4.4
Transmutations | 3 |  3.2
Fighting       | |  1.1
Spellcasting   | |  2.3

Action                   || total
-------------------------++-------
Melee: Unarmed           ||    15
       Headbutt          ||     2
 Cast: Beastly Appendage ||     2
       Wereblood         ||     1
  Use: Potion            ||     1
 Stab: Sleeping          ||     1
Armor: Robe              ||     2
Dodge: Dodged            ||    14

Table legend: (Time is in decaauts)
 A = Elapsed time spent in this place.
 B = Non-inter-level travel time spent in this place.
 C = Inter-level travel time spent in this place.
 D = Time resting spent in this place.
 E = Time spent auto-exploring this place.
 F = Levels seen in this place.
 G = Mean time per level.
                   A        B        C        D        E       F      G
               +--------+--------+--------+--------+--------+-----+--------+
         Total |    352 |    352 |      0 |    311 |      0 |   1 |  352.0 |
       Dungeon |    352 |    352 |      0 |    311 |      0 |   1 |  352.0 |
               +--------+--------+--------+--------+--------+-----+--------+

Top non-repeatable levels by time:
       D: 352 daAuts
